 Dungeon Crawl Stone Soup version 0.31-a0-940-gdaa99269f9 (console) character file.

Game seed: 2998840514504027573

142 petzl the Sneak (level 5, -4/41 HPs)
             Began as a Formicid Delver on Oct 20, 2023.
             Slain by a kobold brigand
             ... wielding a +0 dagger
              (7 damage)
             ... in a sewer.
             The game lasted 00:08:27 (1281 turns).

petzl the Sneak (Formicid Delver)                   Turns: 1281, Time: 00:08:27

Health: -4/41      AC:  3    Str: 17    XL:     5   Next: 49%
Magic:  11/11      EV: 12    Int: 11    God:
Gold:   12         SH:  0    Dex: 15    Spells: 12/12 levels left

rFire   . . .        a - +0 mace
rCold   . . .        (no shield)
rNeg    . . .        b - +0 leather armour
rPois   .            (helmet unavailable)
rElec   .            (no cloak)
rCorr   .            (no gloves)
SInv    +            (no boots)
Will    .....        (no amulet)
Stlth   +++          (no ring)
HPRegen 0.26/turn    (no ring)
MPRegen 0.12/turn

%: no passive effects
@: lethally poisoned (-4 -> -5)
A: permanent stasis, dig shafts and tunnels, antennae 3, four strong arms
a: Dig


You were in a sewer.
You visited 1 branch of the dungeon, and saw 2 of its levels.
You also visited: Sewer.

You collected 12 gold pieces.

Inventory:

Hand Weapons
 a - a +0 mace (weapon)
Missiles
 e - 4 poisoned darts
 g - 3 boomerangs (quivered)
Armour
 b - a +0 leather armour (worn)
Wands
 f - a wand of digging (3)
Scrolls
 c - a scroll of fog
 d - a scroll of revelation
Potions
 h - a potion of cancellation


   Skills:
 - Level 3.4 Fighting
 - Level 2.2 Maces & Flails
 - Level 2.0 Dodging
 - Level 6.1 Stealth
 + Level 4.2 Spellcasting


You had 12 spell levels left.
You didn't know any spells.
Your spell library was empty.

Dungeon Overview and Level Annotations

Branches:
Dungeon (6/15)              Sewer (1/1)
 Temple: D:4-7

Altars:

Annotations:
D:5 exclusions: black bear and sensed monster (detected), Blork the orc


Innate Abilities, Weirdness & Mutations

You cannot be hasted, slowed, berserked, paralysed or teleported.
You can dig through walls and to a lower floor.
You have a pair of large antennae on your head. (SInv)
Your four strong arms can wield two-handed weapons with a shield.


Message History

You sock the kobold!
You kill the kobold!
You hear a splash. x2
* * * LOW HITPOINT WARNING * * *
You feel very sick. The kobold hits you but does no damage.
You hit the kobold brigand.
The kobold brigand is moderately wounded.
You feel sick. The kobold closely misses you.
The kobold brigand closely misses you. The kobold hits you but does no damage.
Okay, then.
Okay, then.
Unknown command.
Unknown command.
Unknown command.
Press: ? - help, v - describe, . - travel, g - get item
Here: a kobold brigand, wielding a +0 dagger and quivering curare-tipped darts (moderately wounded)
Items here: a +0 short sword; a stone; a kobold corpse.
Some shallow water.
Unknown command.
Unknown command.
Unknown command.
Unknown command.
Unknown command.
You hit the kobold brigand.
The kobold brigand is heavily wounded.
You feel sick.
The kobold brigand splashes around in the water.
The kobold barely misses you.
You closely miss the kobold brigand.
The kobold brigand is moderately wounded.
You feel sick. The kobold closely misses you.
The kobold brigand splashes around in the water.
You hit the kobold brigand but do no damage.
The kobold brigand is moderately wounded.
You feel sick. The kobold hits you with a +0 dagger.
* * * LOW HITPOINT WARNING * * *
The kobold brigand barely misses you. The kobold closely misses you.
The kobold brigand hits you with a +0 dagger!
You die...

#.÷÷..~~≈≈≈≈≈##..##
##.÷..~≈≈≈≈~~##..#
#....~~≈≈≈≈##...#
##....~≈≈≈~#†...##
####...~≈≈≈≈≈~.....##
#∩###..~≈≈≈≈~.......#
#.###..~~≈≈≈~....#..#
#..#...~≈≈≈≈≈~.###..#
##......≈≈≈≈≈~.###..#
#.....~~≈≈≈~~..#...#
##....~~≈~~.......##
##......~≈~~...÷..#
##.......~~≈~...÷.##
##.†......~~≈~.....#
#..#.......≈~......#
#†###......~~~.....##
#∩###......≈≈~†.)...##
####.....~~≈~.)K##†..#
##.....~≈≈≈~@###†..#
#......~~≈~~K##...##
##.......≈≈~~..#†K.#
#......~~~≈≈~.....##
#......~~≈≈≈~~...†#
#.†.....~≈≈≈~~....##
##....~≈~≈≈≈≈......##
##...~≈≈≈≈≈≈~......#
#...~~≈≈≈≈≈~#.....#
##...~≈≈≈≈≈≈~##....#
#.....~≈≈≈≈≈≈~#....#
#.....~≈≈≈≈≈≈≈.....##
##....~≈≈≈≈≈≈≈~~....#
#...)≈≈≈≈≈≈≈≈≈~....#
###)####≈#≈#≈###'###
#.....# #≈#≈# K..
#.....# #≈#≈ ...K.
##...## ≈#≈###...##
#...).# #≈ !....


You could see a kobold brigand and a kobold.

Vanquished Creatures
  6 adders
  6 river rats
  A worm (D:5)
  A giant cockroach (D:5)
  5 ball pythons (Sewer)
  A frilled lizard (Sewer)
  6 kobolds (Sewer)
  20 rats
46 creatures vanquished.

Notes
Turn   | Place    | Note
-------+----------+-------------------------------------------
     0 | D:5      | petzl the Formicid Delver began the quest for the Orb.
     0 | D:5      | Reached XP level 1. HP: 18/18 MP: 1/1
    28 | D:5      | Noticed Blork the orc
    53 | D:5      | Noticed a black bear
   103 | D:5      | Reached XP level 2. HP: 15/24 MP: 2/2
   179 | D:5      | Reached skill level 1 in Spellcasting
   215 | D:5      | Reached XP level 3. HP: 29/29 MP: 4/4
   341 | D:6      | Noticed an ogre
   454 | D:5      | Found a glowing drain.
   460 | Sewer    | Entered a sewer
   562 | Sewer    | Reached XP level 4. HP: 16/35 MP: 6/8
  1080 | Sewer    | Reached XP level 5. HP: 41/41 MP: 10/10
  1248 | Sewer    | Noticed a kobold brigand
  1281 | Sewer    | Slain by a kobold brigand

Illustrated notes

Levels and vault maps discovered:
D:5:      layout_loops_ring, nicolae_ashenzari_panopticon, portal_sewer_entry_e,
          eino_small_chamber_without_monster, lemuel_flame_loot_1,
          uniq_blork_the_orc
D:6:      layout_rooms, lemuel_round_altar, grunt_dithmenos_smoke,
          gammafunk_ghost_cemetery, uniq_crazy_yiuf_cottage
Sewer:    sewer_minmay_treatment

Skill      XL: |  1  2  3  4  5 |
---------------+----------------+-----
Dodging        | 2 |  2.0
Spellcasting   | 1 2 3 4 |  4.2
Fighting       | |  3.4
Maces & Flails | |  2.2
Stealth        | |  6.1

Action                     |  1- 3 |  4- 6 || total
---------------------------+-------+-------++-------
  Melee: Mace              |    67 |    81 ||   148
         Punch             |     1 |       ||     1
  Throw: Boomerang         |     2 |    36 ||    38
    Use: Scroll            |       |     1 ||     1
         Potion            |       |     1 ||     1
   Stab: Distracted        |     1 |       ||     1
         Sleeping          |     2 |     1 ||     3
 Armour: Leather armour    |    36 |    53 ||    89
  Dodge: Dodged            |    48 |    62 ||   110

Table legend: (Time is in decaauts)
 A = Elapsed time spent in this place.
 B = Non-inter-level travel time spent in this place.
 C = Inter-level travel time spent in this place.
 D = Time resting spent in this place.
 E = Time spent auto-exploring this place.
 F = Levels seen in this place.
 G = Mean time per level.
                   A        B        C        D        E       F      G
               +--------+--------+--------+--------+--------+-----+--------+
         Total |   1344 |   1344 |      0 |    443 |     60 |   3 |  448.0 |
       Dungeon |    474 |    474 |      0 |    182 |     56 |   2 |  237.0 |
         Sewer |    870 |    870 |      0 |    261 |      4 |   1 |  870.0 |
               +--------+--------+--------+--------+--------+-----+--------+

Top non-repeatable levels by time:
   Sewer: 870 daAuts
     D:5: 401 daAuts
     D:6: 72 daAuts
